 Dungeon Crawl Stone Soup version 0.27.1-33-g824d729ab1 (webtiles) character file.

Game seed: 11346790196383394821

296 zeram the Caller (level 6, -4/41 HPs)
             Began as a Merfolk Summoner on Dec 24, 2021.
             Was an Initiate of Gozag.
             Slain by an ice beast (12 damage)
             ... on level 4 of the Dungeon.
             The game lasted 00:13:21 (6828 turns).

zeram the Caller (Merfolk Summoner)                 Turns: 6828, Time: 00:13:22

Health: -4/41      AC:  3    Str:  6      XL:     6   Next: 35%
Magic:  5/8        EV: 13    Int: 17      God:    Gozag
Gold:   161        SH:  0    Dex: 13 (14) Spells: 3/9 levels left

rFire    . . .     SeeInvis .   f - +0 spear
rCold    . . .     Faith    .   (no shield)
rNeg     . . .     Spirit   .   a - +0 robe
rPois    .         Reflect  .   (no helmet)
rElec    .         Harm     .   (no cloak)
rCorr    .         Rampage  .   e - +0 pair of gloves
Will     .....                  (no boots)
Stlth    ++........             (no amulet)
HPRegen  0.13/turn              (no ring)
MPRegen  0.11/turn              (no ring)

@: brilliant, flying
A: (nimble swimmer 2), mertail, deterioration 1, low mp 1, weak 1
a: Renounce Religion, Potion Petition, Call Merchant, Bribe Branch


You were on level 4 of the Dungeon.
You worshipped Gozag.
Gozag was aware of your devotion.
You visited 1 branch of the dungeon, and saw 4 of its levels.

You collected 265 gold pieces.
You spent 42 gold pieces at shops.
You paid 62 gold pieces to Gozag.

Inventory:

Hand Weapons
 f - a +0 spear (weapon)
Armour
 a - a +0 robe (worn)
 e - a +0 pair of gloves (worn)
Scrolls
 j - a scroll of identify
Potions
 c - a potion of magic
 g - a potion of heal wounds {unknown}
 i - a potion of degeneration {unknown}


   Skills:
 + Level 3.6 Polearms
 + Level 4.4 Dodging
 - Level 2.1 Stealth
 - Level 2.0 Spellcasting
 + Level 6.3 Summonings


You had 3 spell levels left.
You knew the following spells:

 Your Spells              Type           Power      Damage    Failure   Level
a - Summon Small Mammal   Summ           100%       N/A       1%          1
b - Call Imp              Summ           34%        N/A       2%          2
c - Call Canine Familiar  Summ           34%        N/A       4%          3

Your spell library contained the following spells:

 Spells                   Type           Power      Damage    Failure   Level
 Summon Guardian Golem    Hex/Summ       18%        N/A       16%         3
 Summon Lightning Spire   Summ/Air       18%        N/A       45%         4


Dungeon Overview and Level Annotations

Branches:
Dungeon (4/15)
 Temple: D:4-7

Altars:
Cheibriados
Fedhas
Gozag
Makhleb
Qazlal
Uskayaw

Shops:
D:2 !


Innate Abilities, Weirdness & Mutations

((You are quick and stealthy near water. (Stealth+, EV+, Speed+++)))
Your lower body shifts to a powerful aquatic tail in water.
Your body sometimes deteriorates upon taking damage.
Your magical capacity is low. (-10% MP)
You are weak. (Str -2)


Message History

Your hound barely misses the ice beast.
Your hound bites the ice beast.
Your hound bites the ice beast but does no damage.
Your hound barely misses the ice beast.
Your hound closely misses the ice beast.
Casting: Call Canine Familiar (dangerous; 4% risk of failure)
Confirm with . or Enter, or press ? or * to list all spells.
A beastly little devil appears in a puff of flame.
Your hound closely misses the ice beast.
The ice beast hits you but does no damage.
Your hound bites the ice beast but does no damage.
The bullfrog skeleton hits you but does no damage.
Okay, then.
It was a potion of mutation.
You feel extremely strange.
You feel yourself wasting away.
You feel less energetic.
You feel weaker.
The bullfrog skeleton completely misses you.
The ice beast hits you. The ice beast freezes you!
Your body deteriorates!
You feel clumsy.
Your crimson imp hits the ice beast but does no damage.
It was a potion of brilliance.
You feel clever all of a sudden. The bullfrog skeleton hits you.
The ice beast closely misses you.
Your crimson imp blinks!
The bullfrog skeleton hits you.
* * * LOW HITPOINT WARNING * * *
It was a potion of flight.
You feel very buoyant.
You fly up into the air.
Your hound bites the ice beast but does no damage.
The bullfrog skeleton hits you.
* * * LOW HITPOINT WARNING * * *
The ice beast completely misses you.
You hit the ice beast.
The ice beast is heavily wounded.
Your hound barely misses the ice beast.
The bullfrog skeleton hits you but does no damage.
The ice beast hits you.
* * * LOW HITPOINT WARNING * * *
The ice beast freezes you!
You die...
Your body crumbles into a pile of gold.

#...#...########..#.
...#..###.## ##.....Z..
#..#.......###.......S.
##....####.......###.<#.
....#.#..#......####..#.
.......#..#._....)..)..#.
##.....#((#....##...##...
##...5####.......#.#####
#....Z@Yh....##...#
##.######....###.##
####<# #.# #)###.#
#.#...# #.#.### #.#.##
#.#..# ###....##


You could see an ice beast (ally target), 2 dancing weapons, a bullfrog
skeleton, a friendly hound (summoned) and a friendly crimson imp (summoned).

Vanquished Creatures
  A hound (D:4)
  2 adders
  An adder skeleton (D:4)
  An orc (D:4)
  4 bats
  An endoplasm (D:3)
  3 giant cockroaches
  3 hobgoblins
  2 jackals (D:4)
  A kobold (D:3)
  2 quokkas (D:3)
  2 ball pythons
  A rat (D:1)
24 creatures vanquished.

Vanquished Creatures (collateral kills)
  A necrophage (D:4)
  A scorpion (D:3)
  A howler monkey (D:4)
  A hound (D:4)
  10 gnolls
  2 adders
  2 adder skeletons (D:4)
  A worm (D:4)
  2 dart slugs
  5 orcs
  3 ball pythons
  2 endoplasms
  3 hobgoblins
  6 jackals
  5 kobolds
  3 quokkas
  2 bats (D:1)
  A goblin (D:2)
  2 rats
53 creatures vanquished.

Grand Total: 77 creatures vanquished

Notes
Turn   | Place    | Note
-------+----------+-------------------------------------------
     0 | D:1      | zeram the Merfolk Summoner began the quest for the Orb.
     0 | D:1      | Reached XP level 1. HP: 13/13 MP: 3/3
   526 | D:1      | Reached XP level 2. HP: 10/19 MP: 5/5
   884 | D:1      | Learned a level 2 spell: Call Imp
  2185 | D:2      | Reached XP level 3. HP: 17/24 MP: 1/6
  2320 | D:2      | Found Xeippi's Distillery.
  2324 | D:2      | Bought a potion of curing for 42 gold pieces
  2367 | D:2      | Learned a level 3 spell: Call Canine Familiar
  2479 | D:2      | Reached skill level 5 in Summonings
  2480 | D:2      | HP: 1/24 [gnoll (7)]
  3157 | D:2      | Reached XP level 4. HP: 30/30 MP: 0/7
  3539 | D:3      | Reached skill level 1 in Polearms
  4418 | D:3      | Found a faded altar of an unknown god.
  4577 | D:4      | Noticed a necrophage
  4601 | D:4      | Killed a necrophage
  4602 | D:4      | Reached XP level 5. HP: 7/35 MP: 1/8
  5651 | D:4      | Found a hide-covered altar of Uskayaw.
  5659 | D:4      | Found a blossoming altar of Fedhas.
  5661 | D:4      | Found a burning altar of Makhleb.
  5662 | D:4      | Found a stormy altar of Qazlal.
  5663 | D:4      | Found an opulent altar of Gozag.
  5663 | D:4      | Found a snail-covered altar of Cheibriados.
  5679 | D:4      | Reached skill level 6 in Summonings
  5857 | D:4      | Became a worshipper of Gozag Ym Sagoz the Greedy
  5905 | D:4      | Reached XP level 6. HP: 8/41 MP: 1/9
  5949 | D:4      | Noticed a +0 hand axe
  5949 | D:4      | Noticed a +0 dagger
  6306 | D:4      | Noticed an ice beast
  6825 | D:4      | Gained mutation: Your body sometimes deteriorates upon
                  | taking damage. [potion of mutation]
  6825 | D:4      | Gained mutation: Your magical capacity is low. (-10% MP)
                  | [potion of mutation]
  6825 | D:4      | Gained mutation: You are weak. (Str -2) [potion of
                  | mutation]
  6828 | D:4      | Slain by an ice beast

Illustrated notes

Levels and vault maps discovered:
D:1:      elethiomel_arrival_infinity_welcomes_careful_drivers,
          layout_loops_ring
D:2:      layout_basic, serial_shops, shop, chequers_mini_garden
D:3:      layout_basic, hellmonk_ecumenical_altar_run_dry
D:4:      layout_loops_ring, dancing_weapons_uskayaw, lemuel_doored_altar,
          grunt_temple_overflow_open, kennysheep_cross_room,
          minmay_fractal_squares_diagonal_5

Skill      XL: |  1  2  3  4  5 |
---------------+----------------+-----
Dodging        | 3 4 |  4.4
Summonings     | 5 6 |  6.3
Polearms       | 2 3 |  3.6
Stealth        | |  2.1
Spellcasting   | |  2.0

Action                   |  1- 3 |  4- 6 || total
-------------------------+-------+-------++-------
Melee: Unarmed           |    75 |       ||    75
       Spear             |    52 |   147 ||   199
 Cast: Summon Small Mamm |    22 |     4 ||    26
       Call Imp          |    30 |    43 ||    73
       Call Canine Famil |       |     9 ||     9
  Use: Scroll            |     6 |     1 ||     7
       Potion            |       |     4 ||     4
 Stab: Distracted        |     2 |     1 ||     3
       Sleeping          |       |     3 ||     3
Armor: Robe              |    58 |    33 ||    91
Dodge: Dodged            |   134 |    95 ||   229
